 Dungeon Crawl Stone Soup version 0.27.0-1-g7a089689b8 (webtiles) character file.

Game seed: 8272140761747562809

19 Spectrina the Ducker (level 2, 0/18 HPs)
             Began as a Deep Elf Monk on Aug 8, 2021.
             Slain by an orc (3 damage)
             ... on level 3 of the Dungeon.
             The game lasted 00:03:22 (429 turns).

Spectrina the Ducker (Deep Elf Monk)                 Turns: 429, Time: 00:03:23

Health: 0/18       AC:  2    Str:  8    XL:     2   Next: 55%
Magic:  6/6        EV: 13    Int: 14    God:
Gold:   34         SH:  0    Dex: 17    Spells: 4/4 levels left

rFire    . . .     SeeInvis .   a - +0 short sword
rCold    . . .     Faith    .   (no shield)
rNeg     . . .     Spirit   .   b - +0 robe
rPois    .         Reflect  .   (no helmet)
rElec    .         Harm     .   (no cloak)
rCorr    .         Rampage  .   (no gloves)
Will     .....                  (no boots)
Stlth    ++........             (no amulet)
HPRegen  0.06/turn              (no ring)
MPRegen  0.10/turn              (no ring)

@: no status effects
A: no striking features
a: no special abilities


You were on level 3 of the Dungeon.
You visited 1 branch of the dungeon, and saw 3 of its levels.

You collected 34 gold pieces.

Inventory:

Hand Weapons
 a - a +0 short sword (weapon)
Missiles
 c - 28 bolts
 d - 45 stones (quivered)
 g - 11 poisoned darts
Armour
 b - a +0 robe (worn)
Scrolls
 e - a scroll of identify {unknown}
 f - a scroll of blinking {unknown}
 h - a scroll of acquirement {unknown}
 i - a scroll of amnesia {unknown}


   Skills:
 - Level 2.4 Fighting
 - Level 3.0 Short Blades
 - Level 3.6 Dodging
 - Level 2.4 Stealth
 + Level 1.5 Spellcasting
 * Level 2.0 Invocations


You had 4 spell levels left.
You didn't know any spells.
Your spell library was empty.

Dungeon Overview and Level Annotations

Branches:
Dungeon (3/15)

Altars:


Message History

An orc comes into view. It is wielding a +0 flail.
i - a scroll labelled ATOXKI EFIANU
There are no items here.
Okay, then.
You aren't carrying any potions.
Throw: 46 stones
Press: ? - help, Q - select action, (/) - cycle Shift-Dir - straight line, f - orc
Aim: an orc, wielding a +0 flail and wearing a +0 leather armour (60% to hit)
You throw a stone. The stone closely misses the orc.
You hit the orc.
The orc is heavily wounded.
The orc barely misses you.
You hit the orc but do no damage.
The orc is heavily wounded.
The orc misses you.
You hit the orc but do no damage.
The orc is heavily wounded.
The orc closely misses you.
You barely miss the orc.
The orc is heavily wounded.
The orc barely misses you.
You hit the orc.
The orc is severely wounded.
The orc barely misses you.
You hit the orc but do no damage.
The orc is severely wounded.
The orc closely misses you.
You barely miss the orc.
The orc is severely wounded.
The orc hits you with a +0 flail!
Ouch! That really hurt!
* * * LOW HITPOINT WARNING * * *
You hit the orc.
The orc is almost dead.
The orc hits you with a +0 flail.
* * * LOW HITPOINT WARNING * * *
You hit the orc but do no damage.
The orc is almost dead.
The orc hits you with a +0 flail.
You die...

#...#####..#
#.# #.#####
#..........#
#.# #.#
#...........
##.##
#.#########
##.o.##
.###..#..###.#
....###.....#
####..#..#####
#########...##
#..@o.....(##
#.########## #


You could see an orc.

Vanquished Creatures
  An adder (D:3)
  4 bats
  An endoplasm (D:3)
  2 giant cockroaches
  A ball python (D:3)
  2 frilled lizards
  A rat (D:1)
12 creatures vanquished.

Vanquished Creatures (others)
  A plant (D:2)
1 creature vanquished.

Grand Total: 13 creatures vanquished

Notes
Turn   | Place    | Note
-------+----------+-------------------------------------------
     0 | D:1      | Spectrina the Deep Elf Monk began the quest for the Orb.
     0 | D:1      | Reached XP level 1. HP: 13/13 MP: 3/3
    16 | D:1      | Noticed an electric eel
   106 | D:1      | Reached skill level 1 in Invocations
   153 | D:2      | Found a faded altar of an unknown god.
   215 | D:3      | Noticed an orc wizard
   219 | D:3      | Reached skill level 1 in Spellcasting
   307 | D:3      | Reached XP level 2. HP: 18/18 MP: 5/5
   429 | D:3      | Slain by an orc

Illustrated notes

Levels and vault maps discovered:
D:1:      arrival_aquarium_a, layout_rooms, nrook_loot_triangle
D:2:      layout_rooms, shapermc_ecumenical_altar_mp_ritualfount,
          wad_floor_pattern_2
D:3:      layout_loops_ring, minmay_misc_feat_rugged, due_unseen_surprise

Skill      XL: |  1  2 |
---------------+-------+-----
Invocations    | 1 2 |  2.0
Spellcasting   | 1 |  1.5
Fighting       | |  2.4
Short Blades   | |  3.0
Dodging        | |  3.6
Stealth        | |  2.4

Action                   || total
-------------------------++-------
Melee: Short sword       ||    51
Throw: Stone             ||     1
 Stab: Sleeping          ||     6
Armor: Robe              ||    14
Dodge: Dodged            ||    42
